 Dungeon Crawl Stone Soup version 0.31-a0-424-g41b3b0883d (webtiles) character file.

Game seed: 10028451192901711021

27 Morbidden the Changeling (level 3, -3/26 HPs)
             Began as a Formicid Shapeshifter on July 29, 2023.
             Slain by Sigmund
             ... wielding a +0 scythe
              (6 damage)
             ... on level 2 of the Dungeon.
             The game lasted 00:00:55 (940 turns).

Morbidden the Changeling (Formicid Shapeshifter)     Turns: 940, Time: 00:00:55

Health: -3/26      AC:  8    Str: 19    XL:     3   Next: 25%
Magic:  3/3        EV:  8    Int:  7    God:
Gold:   47         SH:  0    Dex: 16    Spells: 2/2 levels left

rFire   . . .        a - +0 falchion
rCold   . . .        (no shield)
rNeg    . . .        m - +0 chain mail
rPois   .            (helmet unavailable)
rElec   .            (cloak currently unavailable)
rCorr   .            (gloves currently unavailable)
SInv    +            (boots currently unavailable)
Will    .....        (no amulet) Stlth
                     (no ring)
HPRegen 0.24/turn    (no ring)
MPRegen 0.08/turn

%: no passive effects
@: beast-form
A: beast (slay +2), permanent stasis, dig shafts and tunnels, antennae 3, four
strong arms
a: Dig, Shaft Self, Begin Untransformation


You were on level 2 of the Dungeon.
You were a hulking beast.
You visited 1 branch of the dungeon, and saw 2 of its levels.

You collected 47 gold pieces.

Inventory:

Hand Weapons
 a - a +0 falchion (weapon)
Armour
 m - a +0 chain mail (worn)
Jewellery
 g - a ring of fire
Talismans
 c - a beast talisman (active)
Scrolls
 e - a scroll of vulnerability {unknown}
 f - a scroll of identify {unknown}
 j - a scroll of brand weapon {unknown}
 k - a scroll of immolation {unknown}
 l - a scroll of fog {unknown}
Potions
 b - 2 potions of lignification
 d - a potion of attraction {unknown}
 i - a potion of heal wounds {unknown}


   Skills:
 * Level 1.3 Fighting
 * Level 0.9 Long Blades
 * Level 0.5 Armour
 * Level 2.0 Dodging
 + Level 0.3 Stealth
 + Level 3.0 Unarmed Combat
 * Level 3.7 Shapeshifting


You had 2 spell levels left.
You didn't know any spells.
Your spell library contained the following spells:

 Spells                   Type           Power      Damage    Failure   Level
 Sandblast                Erth           0%         2d4       99%         1
 Passwall                 Tmut/Erth      0%         N/A       100%        2
 Frozen Ramparts          Ice            0%         1d1       100%        3
 Stone Arrow              Conj/Erth      0%         3d7       100%        3
 Petrify                  Tmut/Erth      0%         N/A       100%        4
 Metabolic Englaciation   Hex/Ice        0%         N/A       100%        5


Dungeon Overview and Level Annotations

Branches:
Dungeon (2/15)

Altars:

Annotations:
D:2 Sigmund


Innate Abilities, Weirdness & Mutations

You are a hulking beast.
Your limbs bulge with bestial killing power. (Slay +2)
You cannot be hasted, slowed, berserked, paralysed or teleported.
You can dig through walls and to a lower floor.
You have a pair of large antennae on your head. (SInv)
Your four strong arms can wield two-handed weapons with a shield.


Message History

Sigmund hits you but does no damage.
Unknown command.
You closely miss Sigmund.
Sigmund is heavily wounded.
Sigmund points at you and mumbles some strange words.
The puff of flame hits you but does no damage.
Unknown command.
You closely miss Sigmund.
Sigmund is heavily wounded.
Sigmund hits you with a +0 scythe!
Unknown command.
You are too injured to fight recklessly!
Unknown command.
You are too injured to fight recklessly!
Unknown command.
You are too injured to fight recklessly!
Unknown command.
You are too injured to fight recklessly!
Unknown command.
Unknown command.
You are too injured to fight recklessly!
You are too injured to fight recklessly!
Unknown command.
You closely miss Sigmund.
Sigmund is heavily wounded.
Sigmund completely misses you.
You hit Sigmund.
Sigmund is heavily wounded.
Sigmund points at you and mumbles some strange words.
The puff of flame hits you.
* * * LOW HITPOINT WARNING * * *
You closely miss Sigmund.
Sigmund is heavily wounded.
Sigmund points at you and mumbles some strange words.
The puff of flame hits you.
* * * LOW HITPOINT WARNING * * *
You slash Sigmund!
Sigmund is almost dead.
Sigmund hits you with a +0 scythe.
You die...

#.# ##.####.##...
##...# #..# #.# .
...... #..# #.#
...... ##..###.##
..... #.....†..#
..... #.#####..##
. ###.. #.
#...##... #
..#####.#......
#.......h......>
...#...@..)......
.. #.............
##............
#............
############


You could see Sigmund.

Vanquished Creatures
  A dart slug (D:2)
  2 endoplasms
  8 jackals (D:1)
  A quokka (D:2)
  4 ball pythons
  A frilled lizard (D:1)
  2 kobolds (D:1)
  2 rats (D:1)
21 creatures vanquished.

Notes
Turn   | Place    | Note
-------+----------+-------------------------------------------
     0 | D:1      | Morbidden the Formicid Shapeshifter began the quest for the
                  | Orb.
     0 | D:1      | Reached XP level 1. HP: 15/15 MP: 1/1
    11 | D:1      | Noticed an electric eel
   437 | D:1      | Reached XP level 2. HP: 16/21 MP: 2/2
   732 | D:1      | Reached XP level 3. HP: 26/26 MP: 3/3
   859 | D:2      | Identified the -2 pair of boots of Ocluzocy {rPois}
   926 | D:2      | Noticed Sigmund
   940 | D:2      | Slain by Sigmund

Illustrated notes

Levels and vault maps discovered:
D:1:      arrival_aquarium_a, layout_basic
D:2:      layout_rooms, uniq_sigmund

Skill      XL: |  1  2  3 |
---------------+----------+-----
Dodging        | 2 |  2.0
Fighting       | |  1.3
Long Blades    | |  0.9
Armour         | |  0.5
Stealth        | |  0.3
Unarmed Combat | |  3.0
Shapeshifting  | |  3.7

Action                     || total
---------------------------++-------
  Melee: Falchion          ||    51
         Unarmed           ||     4
         Punch             ||     1
 Armour: Animal skin       ||    10
         Chain mail        ||     3
  Dodge: Dodged            ||    55

Table legend: (Time is in decaauts)
 A = Elapsed time spent in this place.
 B = Non-inter-level travel time spent in this place.
 C = Inter-level travel time spent in this place.
 D = Time resting spent in this place.
 E = Time spent auto-exploring this place.
 F = Levels seen in this place.
 G = Mean time per level.
                   A        B        C        D        E       F      G
               +--------+--------+--------+--------+--------+-----+--------+
         Total |    952 |    887 |     65 |    168 |    551 |   2 |  476.0 |
       Dungeon |    952 |    887 |     65 |    168 |    551 |   2 |  476.0 |
               +--------+--------+--------+--------+--------+-----+--------+

Top non-repeatable levels by time:
     D:1: 824 daAuts
     D:2: 128 daAuts
